 Dungeon Crawl Stone Soup version 0.17-a0-119-g2b06fc5 (webtiles) character file.

360 lordgrees the Shield-Bearer (level 6, -8/52 HPs)
             Began as a Draconian Fighter on Mar 20, 2015.
             Was an Initiate of Okawaru.
             Mangled by an ogre
             ... wielding a cursed +0 giant club
              (21 damage)
             ... on level 4 of the Dungeon.
             The game lasted 00:10:05 (3035 turns).

lordgrees the Shield-Bearer (Draconian Fighter)     Turns: 3035, Time: 00:10:05

Health: -8/52      AC:  9    Str: 20    XL:     6   Next: 38%
Magic:  6/6        EV: 11    Int:  9    God:    Okawaru [......]
Gold:   214        SH:  9    Dex: 10    Spells: 0 memorised, 5 levels left

rFire  . . .     SeeInvis .     x - +0 falchion (vamp)
rCold  . . .     Clarity  .     (armour unavailable)
rNeg   . . .     SustAb   .     c - +0 shield
rPois  .         Gourm    .     (helmet restricted)
rElec  .         Spirit   .     p - +0 cloak
rCorr  .         Warding  .     k - +0 pair of gloves
rMut   .         Stasis   .     d - +0 pair of boots
MR     .....                    (no amulet)
Stlth  +.........               (no ring)
                                (no ring)

@: not resistant to hostile enchantments, very unstealthy
A: unfitting armour, cold-blooded, AC +6
a: Renounce Religion


You were on level 4 of the Dungeon.
You worshipped Okawaru.
Okawaru was noncommittal.
You were not hungry.

You visited 1 branch of the dungeon, and saw 4 of its levels.

You collected 214 gold pieces.

Inventory:

Hand weapons
 a - a +0 long sword
 x - a +0 vampiric falchion (weapon)
Armour
 b - a +0 pair of gloves
 c - a +0 shield (worn)
 d - a +0 pair of boots (worn)
 k - a +0 pair of gloves (worn)
 o - a cursed -1 large shield
 p - a +0 cloak (worn)
Jewellery
 r - an uncursed ring of teleportation
Scrolls
 f - a scroll of remove curse
 g - 2 scrolls of identify
 h - a scroll of fog {unknown}
 i - a scroll of enchant armour {unknown}
 s - 2 scrolls of amnesia
 v - a scroll of teleportation {unknown}
Potions
 e - a potion of might
 j - a potion of heal wounds {unknown}
 l - a potion of haste {unknown}
 m - a potion of degeneration {unknown}
 n - a potion of restore abilities {unknown}
 q - a potion of agility {unknown}
 u - 2 potions of lignification {unknown}
Comestibles
 t - a bread ration


   Skills:
 + Level 4.2 Fighting
 * Level 4.0 Long Blades
 + Level 3.7 Dodging
 * Level 5.0 Shields


You had 5 spell levels left.
You didn't know any spells.

Dungeon Overview and Level Annotations

Branches:
Dungeon (4/15)
 Temple: D:4-7

Altars:
Fedhas
Gozag
Okawaru

Shops:
D:4 ((


Innate Abilities, Weirdness & Mutations

Your plain brown scales are hard (AC +6).
Your body does not fit into most forms of armour.
Your cold-blooded metabolism reacts poorly to cold.


Message History

* * * LOW HITPOINT WARNING * * *
You block the giant gecko's attack.
You hit the ogre!
You feel better.
The ogre is heavily wounded.
The ogre barely misses you.
The giant gecko hisses menacingly.
The giant gecko closely misses you.
You barely miss the ogre.
The ogre is heavily wounded.
You block the giant gecko's attack. The ogre misses you.
You block the giant gecko's attack.
Your shield prevents you from hitting the ogre.
You tail-slap the ogre.
The ogre is heavily wounded.
The giant gecko bites you but does no damage.
You block the ogre's attack.
You slash the ogre!
The ogre is almost dead.
The giant gecko closely misses you. The ogre hits you with a giant club!!
You die...

#.........#.....##
#.#######........##
#.# #.........# #.#
#.........+ #.#
#.........# #.#
#........##
#.#######.#.....##
≈≈≈≈≈.....##...##
....≈≈≈≈.@###'##
⌠.⌠....≈lO# #.#
..._....# #.##########
⌠....≈.####(#........#
..≈≈≈≈. ##....######.#
≈≈.... #.....# ###.#
##....# #. ##.#.#
#.#####.#.##.#


You could see an ogre and a giant gecko.

Vanquished Creatures
  A phantom (D:4)
  An iguana (D:4)
  An orc priest (D:4)
  2 worker ants (D:4)
  3 adders
  3 gnolls (D:2)
  2 worms
  4 giant geckos
  2 oozes
  6 orcs
  13 goblins
  6 hobgoblins
  3 quokkas
  13 bats
  5 giant cockroaches
  3 giant newts
  4 jackals (D:2)
  7 kobolds
  8 rats
87 creatures vanquished.

Notes
Turn   | Place    | Note
--------------------------------------------------------------
     0 | D:1      | lordgrees, the Draconian Fighter, began the quest for the Orb.
     0 | D:1      | Reached XP level 1. HP: 19/19 MP: 1/1
   404 | D:1      | Reached XP level 2. HP: 26/26 MP: 2/2
   853 | D:2      | Reached XP level 3. HP: 27/31 MP: 3/3
  1332 | D:2      | Found a blossoming altar of Fedhas.
  1486 | D:2      | Reached XP level 4. HP: 29/38 MP: 4/4
  1498 | D:2      | Reached skill level 4 in Shields
  2370 | D:3      | Reached XP level 5. HP: 46/46 MP: 5/5
  2382 | D:3      | Found an iron altar of Okawaru.
  2419 | D:3      | Became a worshipper of Warmaster Okawaru
  2851 | D:4      | Found Isaufobb's Antique Weapon Shop.
  2897 | D:4      | Found Omiq's Antique Weapon Boutique.
  2927 | D:4      | Noticed a phantom
  2936 | D:4      | Reached XP level 6. HP: 37/52 MP: 6/6
  2980 | D:4      | Killed a phantom
  2980 | D:4      | Reached skill level 5 in Shields
  3026 | D:4      | Found an opulent altar of Gozag.
  3026 | D:4      | Noticed an ogre
  3035 | D:4      | Mangled by an ogre

Action                   |  1- 3 |  4- 6 || total
-------------------------+-------+-------++-------
Melee: Long sword        |   123 |   116 ||   239
       Falchion          |       |    44 ||    44
  Use: Scroll            |       |     3 ||     3
  Eat: Bread ration      |     1 |       ||     1
       Royal jelly       |       |     1 ||     1
       Meat ration       |       |     1 ||     1
